 Dungeon Crawl Stone Soup version 0.29.1-1-gd02db6906a (webtiles) character file.

Game seed: 13334235698755674737

721 lonewolfV2 the Magician (level 8, -1/50 HPs)
             Began as a Djinni Ice Elementalist on Oct 17, 2022.
             Slain by Grinder (8 damage)
             ... on level 5 of the Dungeon.
             The game lasted 00:16:54 (8218 turns).

lonewolfV2 the Magician (Djinni Ice Elementalist)   Turns: 8218, Time: 00:16:55

Health: -1/50      AC:  4    Str:  6 (7)  XL:     8   Next: 2%
Gold:   89         EV: 13    Int: 17 (20) God:
                   SH:  0    Dex: 12 (13)

rFire   + + +      SeeInvis .   o - +4 long sword (protect)
rCold   x . .      Faith    .   (no shield)
rNeg    . . .      Spirit   .   a - +0 robe
rPois   ∞          Reflect  .   (no helmet)
rElec   .          Harm     .   (no cloak)
rCorr   .          Rampage  .   (no gloves)
Will    .....                   (boots unavailable)
Stlth   +.........              (no amulet)
HPRegen 0.16/turn               p - ring of protection from fire
MPRegen 0.00/turn               (no ring)

@: confused, ambrosia-drunk, flying
A: sickness immunity, fire resistance 2, cold vulnerability 1, float, innate
caster, HP casting, extra vitality 1, iridescent scales 1
a: no special abilities


You were on level 5 of the Dungeon.
You visited 1 branch of the dungeon, and saw 5 of its levels.

You collected 89 gold pieces.

Inventory:

Hand Weapons
 o - a +4 long sword of protection (weapon)
Armour
 a - a +0 robe (worn)
Jewellery
 p - a ring of protection from fire (left hand)
 q - a ring of wizardry
Wands
 n - a wand of digging (3)
Scrolls
 d - 3 scrolls of teleportation
 i - a scroll of fog
Potions
 c - a potion of berserk rage


   Skills:
 - Level 5.0 Dodging
 + Level 4.4 Stealth
 * Level 5.2 Spellcasting


You couldn't memorise any spells.
You knew the following spells:

 Your Spells              Type           Power      Damage    Failure   Level
a - Freeze                Ice            88%        1d10      1%          1
b - Frozen Ramparts       Ice            44%        1d7       4%          3
c - Ozocubu's Armour      Ice            22%        N/A       4%          3
d - Hailstorm             Conj/Ice       22%        3d7       16%         4
e - Summon Small Mammal   Summ           88%        N/A       1%          1
f - Passwall              Tmut/Erth      18%        N/A       2%          2
g - Portal Projectile     Hex/Tloc       44%        N/A       4%          3
Your spell library was empty.

Dungeon Overview and Level Annotations

Branches:
Dungeon (5/15)
 Temple: D:4-7

Altars:
The Shining One

Annotations:
D:3 2 transporters, styxcanada's ghost, amateur SpBr
D:5 Grinder


Innate Abilities, Weirdness & Mutations

You are immune to sickness and miasma.
You are immune to poison.
Your flesh is very heat resistant. (rF++)
You are vulnerable to cold. (rC-)
You float through the air rather than walking.
You learn spells naturally, not from books.
Your magical power is your life essence.
You have superior vitality. (+4 MHP)
You are partially covered in iridescent scales. (AC +2)


Message History

Grinder gestures at you.
You shrug off the repeated paralysis!
The wall freezes the ogre.
You kill the ogre!
You feel your dexterity returning.
You have reached level 8!
You feel clever.
Casting: Freeze (safe; 1% risk of failure)
Confirm with . or Enter, or press ? or * to list all spells.
Aiming: Freeze (safe; 1% risk of failure)
Press: ? - help, Shift-Dir - straight line, f/p - Grinder
Aim: Grinder (lightly wounded)
You freeze Grinder but do no damage.
Grinder completely resists.
The frozen ramparts melt away.
Grinder hits you.
You writhe in agony.
Casting: Freeze (safe; 1% risk of failure)
Confirm with . or Enter, or press ? or * to list all spells.
Aiming: Freeze (safe; 1% risk of failure)
Press: ? - help, Shift-Dir - straight line, f/p - Grinder
Aim: Grinder (lightly wounded)
You freeze Grinder but do no damage.
Grinder completely resists.
Grinder hits you!
* * * LOW HITPOINT WARNING * * *
You writhe in agony.
* * * LOW HITPOINT WARNING * * *
Casting: Freeze (safe; 1% risk of failure)
Confirm with . or Enter, or press ? or * to list all spells.
Aiming: Passwall (safe; 2% risk of failure)
Press: ? - help, Dir - move target, p - Grinder A rock wall.
This rock feels extremely deep.
* * * LOW HITPOINT WARNING * * *
Grinder gestures at you. Pain shoots through your body!
* * * LOW HITPOINT WARNING * * *
You are confused.
You feel invigorated. Grinder gestures at you. You resist with some effort.
You're too confused to cast spells.
Grinder attacks as you move away! Grinder hits you!
You die...

#.# #...# <
### #.#
#...##.# #...
#.# #...#..#
..=!##.#
#...#.#
..$$#?#
#S....##
....###......#
##..##....(.#
#..@5)......#
##.####......#
#..# #.O....#
#.## #>....=#
###.#
#.......#
###...#
#.#####.# #.
#...### #.# #
#..###.### #.#
###.....###
#.#


You could see Grinder.

Vanquished Creatures
  An ogre (D:5)
  An ice beast (D:4)
  A bullfrog (D:3)
  2 necrophages (D:4)
  A scorpion (D:4)
  A hound (D:4)
  A jelly (D:4)
  An iguana (D:5)
  11 adders
  A white imp (D:5)
  An ufetubus (D:4)
  2 worms
  8 orcs
  6 bats
  9 endoplasms
  4 giant cockroaches
  6 goblins
  6 hobgoblins
  5 jackals (D:3)
  4 quokkas
  9 ball pythons
  3 frilled lizards
  8 kobolds
  8 rats
100 creatures vanquished.

Vanquished Creatures (collateral kills)
  A giant cockroach (D:2)
  A rat (D:2)
2 creatures vanquished.

Grand Total: 102 creatures vanquished

Notes
Turn   | Place    | Note
-------+----------+-------------------------------------------
     0 | D:1      | lonewolfV2 the Djinni Ice Elementalist began the quest for
                  | the Orb.
     0 | D:1      | lonewolfV2 set off with the following spells memorised:
                  | Freeze, Frozen Ramparts, Ozocubu's Armour, Hailstorm.
     0 | D:1      | Reached XP level 1. HP: 15/15 MP: 0/0
   486 | D:1      | Reached XP level 2. HP: 15/21 MP: 0/0
  1584 | D:1      | Reached XP level 3. HP: 23/25 MP: 0/0
  1584 | D:1      | Learned a level 1 spell: Summon Small Mammal
  1683 | D:1      | Found a faded altar of an unknown god.
  2596 | D:2      | Reached XP level 4. HP: 11/31 MP: 0/0
  4015 | D:3      | Found a transporter.
  4082 | D:3      | Noticed a bullfrog
  4094 | D:3      | Killed a bullfrog
  4095 | D:3      | Reached XP level 5. HP: 19/35 MP: 0/0
  4095 | D:3      | Learned a level 2 spell: Passwall
  5183 | D:3      | Found a transporter.
  5183 | D:3      | Noticed a phantom
  5188 | D:3      | Noticed styxcanada's ghost (amateur SpBr)
  5601 | D:3      | Reached XP level 6. HP: 37/40 MP: 0/0
  6294 | D:4      | Reached XP level 7. HP: 12/45 MP: 0/0
  6294 | D:4      | Learned a level 3 spell: Portal Projectile
  7105 | D:4      | Reached skill level 5 in Dodging
  7322 | D:4      | Found a glowing golden altar of the Shining One.
  7916 | D:4      | Gained mutation: You are partially covered in iridescent
                  | scales. (AC +2) [potion of mutation]
  8109 | D:5      | Entered Level 5 of the Dungeon
  8198 | D:5      | Noticed Grinder
  8208 | D:5      | Reached skill level 5 in Spellcasting
  8208 | D:5      | Paralysed by Grinder for 3 turns
  8214 | D:5      | Reached XP level 8. HP: 28/50 MP: 0/0
  8216 | D:5      | HP: 2/50 [Grinder/nerve-wracking pain (5)]
  8218 | D:5      | Slain by Grinder

Illustrated notes

Levels and vault maps discovered:
D:1:      lightli_arrival_boilingwater, layout_basic,
          hellmonk_ecumenical_altar_slurped_away
D:2:      layout_basic
D:3:      minmay_chambers_of_twos, layout_rooms, gammafunk_ghost_mausoleum,
          dk_noncrumbling_3, minmay_fountain_box, dk_noncrumbling_4,
          st_stairs_11
D:4:      layout_rooms, lemuel_tele_altar
D:5:      layout_rooms, serial_shops, kennysheep_mini, uniq_edmund, uniq_grinder

Skill      XL: |  1  2  3  4  5  6  7 |
---------------+----------------------+-----
Stealth        | 2 3 4 |  4.4
Dodging        | 3 4 5 |  5.0
Spellcasting   | 4 5 |  5.2

Action                   |  1- 3 |  4- 6 |  7- 9 || total
-------------------------+-------+-------+-------++-------
Melee: Unarmed           |     5 |    11 |       ||    16
       Punch             |       |     1 |       ||     1
       Long sword        |       |       |    38 ||    38
 Cast: Freeze            |    43 |    91 |    21 ||   155
       Summon Small Mamm |     5 |    16 |       ||    21
       Frozen Ramparts   |     4 |     2 |     2 ||     8
       Ozocubu's Armour  |     1 |     5 |       ||     6
       Passwall          |       |     5 |     1 ||     6
       Hailstorm         |       |     4 |     1 ||     5
       Portal Projectile |       |       |     2 ||     2
  Use: Scroll            |     2 |       |     6 ||     8
       Potion            |       |       |     7 ||     7
 Stab: Sleeping          |       |       |     2 ||     2
Armor: Robe              |     9 |    20 |    17 ||    46
Dodge: Dodged            |    24 |    76 |    35 ||   135
